 Dungeon Crawl Stone Soup version 0.19-a0-1886-gd64a0f0 (webtiles) character file.

116 sveltemanboy the Charlatan (level 4, -2/34 HPs)
             Began as a Demonspawn Artificer on Oct 15, 2016.
             Killed by nerve-wracking pain
             ... invoked by an orc priest
              (8 damage)
             ... on level 3 of the Dungeon.
             The game lasted 00:04:13 (1798 turns).

sveltemanboy the Charlatan (Demonspawn Artificer)   Turns: 1798, Time: 00:04:13

Health: -2/34      AC:  8    Str: 13    XL:     4   Next: 69%
Magic:  0/6        EV: 12    Int: 12    God:
Gold:   97         SH:  0    Dex: 14    Spells: 0 memorised, 3 levels left

rFire  . . .     SeeInvis .     a - +0 short sword
rCold  . . .     Gourm    .     n - +0 scale mail
rNeg   . . .     Faith    .     (no shield)
rPois  .         Spirit   +     (no helmet)
rElec  .         Dismiss  .     q - +0 cloak
rCorr  .         Reflect  .     (no gloves)
MR     .....     Harm     .     o - +0 pair of boots
Stlth  ..........               g - amulet of guardian spirit
                                (no ring)
                                (no ring)

@: no status effects
A: sturdy frame 2
a: no special abilities


You were on level 3 of the Dungeon.
You were not hungry.

You visited 1 branch of the dungeon, and saw 3 of its levels.

You collected 97 gold pieces.

Inventory:

Hand Weapons
 a - a +0 short sword (weapon)
Armour
 n - a +0 scale mail (worn)
 o - a +0 pair of boots (worn)
 q - a +0 cloak (worn)
Jewellery
 g - an amulet of guardian spirit (around neck)
Wands
 c - a wand of flame (7/48)
 d - a wand of enslavement (12/24)
 e - a wand of random effects (12/48)
Scrolls
 h - 6 scrolls of identify {unknown}
 i - a scroll of remove curse {unknown}
 m - 2 scrolls of noise {unknown}
Potions
 b - a potion of mutation {unknown}
 j - a potion of agility {unknown}
 l - a potion of ambrosia {unknown}
Comestibles
 f - a bread ration
 k - a royal jelly
 p - a chunk of flesh


   Skills:
 + Level 2.3 Fighting
 - Level 0.8 Short Blades
 + Level 2.2 Armour
 + Level 3.0 Dodging
 - Level 0.8 Stealth
 - Level 3.0 Evocations


You had 3 spell levels left.
You didn't know any spells.

Dungeon Overview and Level Annotations

Branches:
Dungeon (3/15)

Altars:
Qazlal


Innate Abilities, Weirdness & Mutations

Your movements are less encumbered by armour. (ER -4)


Message History

Your orc priest hits the orc priest but does no damage.
An adder comes into view.
The orc priest hits your orc priest but does no damage.
Your orc priest calls down the wrath of Beogh upon the orc priest.
The orc priest writhes in agony!
The orc priest dies!
Your Dodging skill increases to level 3!
Your orc priest mumbles some strange prayers to Beogh against the adder.
The adder writhes in agony!
The adder bites your orc priest.
Your orc priest is poisoned.
The adder poisons your orc priest!
Your orc priest hits the adder with a club.
The adder dies!
Your orc priest looks more experienced.
You start resting.
Your orc priest looks more healthy.
The orc priest is no longer charmed.
The orc priest mumbles some strange prayers to Beogh against you.
Pain shoots through your body!
You die...

###### #.....
#######################.####
#.))......o@................
##.####################.###.
#.# #.##.. #l# #.##.. #.#
#.##.. #(# #.##.. #o# #.##..
.......>....... #.##..
.#......##..... #.###.


You could see an orc priest.

Vanquished Creatures
  4 adders
  A worm (D:2)
  A dart slug (D:1)
  3 leopard geckos
  An orc (D:3)
  A ball python (D:1)
  6 giant cockroaches
  2 goblins (D:2)
  6 hobgoblins
  A jackal (D:1)
  4 bats
  2 frilled lizards (D:2)
  6 kobolds
  4 rats
42 creatures vanquished.

Vanquished Creatures (collateral kills)
  An orc priest (D:3)
  An adder (D:3)
  An orc (D:3)
3 creatures vanquished.

Grand Total: 45 creatures vanquished

Notes
Turn   | Place    | Note
-------+----------+-------------------------------------------
     0 | D:1      | sveltemanboy the Demonspawn Artificer began the quest for the Orb.
     0 | D:1      | Reached XP level 1. HP: 15/15 MP: 3/3
   287 | D:1      | Reached skill level 1 in Armour
   293 | D:1      | Gained mutation: Your movements are slightly less encumbered by armour. (ER -2) [demonic ancestry]
   293 | D:1      | Reached XP level 2. HP: 16/21 MP: 0/4
  1003 | D:2      | Found a stormy altar of Qazlal.
  1033 | D:2      | Gained mutation: Your movements are less encumbered by armour. (ER -4) [demonic ancestry]
  1033 | D:2      | Reached XP level 3. HP: 24/26 MP: 5/5
  1496 | D:2      | Reached XP level 4. HP: 29/33 MP: 3/6
  1798 | D:3      | Killed from afar by an orc priest

Vault maps used:
D:1:      dpeg_arrival_oval
D:2:      grunt_qazlal_clouds

Skill      XL: |  1  2  3  4 |
---------------+-------------+-----
Dodging        | 2 3 |  3.0
Armour         | 1 2 |  2.2
Fighting       | 2 |  2.3
Short Blades   | |  0.8
Stealth        | |  0.8
Evocations     | |  3.0

Action                   |  1- 3 |  4- 6 || total
-------------------------+-------+-------++-------
Melee: Short sword       |   174 |    23 ||   197
Evoke: Wand              |     6 |     8 ||    14
  Eat: Chunk             |     2 |     1 ||     3
Armor: Leather armour    |     9 |       ||     9
       Scale mail        |    43 |    12 ||    55
Dodge: Dodged            |    96 |    13 ||   109
